 Dungeon Crawl Stone Soup version 0.25.1-2-g60ff931df9 (webtiles) character file.

Game seed: 3827957134052574349

39491 Curus the Bludgeoner (level 13, -12/151 HPs)
             Began as a Demonspawn Abyssal Knight on Nov 13, 2020.
             Was a High Priest of Lugonu.
             Mangled by a spiny frog (15 damage)
             ... on level 6 of the Lair of Beasts.
             The game lasted 01:49:47 (24293 turns).

Curus the Bludgeoner (Demonspawn Abyssal Knight)   Turns: 24293, Time: 01:49:48

Health: -12/151    AC: 17    Str: 14    XL:     13   Next: 69%
Magic:  0/23       EV: 16    Int: 12    God:    Lugonu [*****.]
Gold:   636        SH: 10    Dex: 20    Spells: 12/12 levels left

rFire    + . .     SeeInvis .   L - +5 eveningstar (flame)
rCold    . . .     Gourm    .   x - +1 buckler
rNeg     . . .     Faith    .   h - +3 ring mail {rPois}
rPois    +         Spirit   +   g - +0 helmet
rElec    .         Reflect  +   f - +1 cloak
rCorr    .         Harm     .   y - +0 pair of gloves
MR       .....                  (no boots)
Stlth    ..........             s - amulet of reflection
HPRegen  0.35/turn              E - +6 ring of dexterity
MPRegen  0.18/turn              o - +4 ring of protection

@: berserking, very quick
A: talons 2, thin metallic scales 2, clumsy 1, deformed body, dopey 1, fire
resistance 1, magic shield, rot immunity
a: Depart the Abyss, Bend Space, Banish, Corrupt, Enter the Abyss, Renounce
Religion


You were on level 6 of the Lair of Beasts.
You worshipped Lugonu.
Lugonu was extremely pleased with you.
You were hungry.

You visited 2 branches of the dungeon, and saw 15 of its levels.
You visited the Abyss 1 time.
You also visited: Volcano.

You collected 930 gold pieces.
You spent 294 gold pieces at shops.

Inventory:

Hand Weapons
 a - a +3 mace
 l - a +1 flail
 p - a +4 morningstar
 I - a +0 flail of flaming
 J - a +0 dire flail
 L - a +5 eveningstar of flaming (weapon)
Armour
 b - a +0 leather armour
 f - a +1 cloak (worn)
 g - a +0 helmet (worn)
 h - a +3 ring mail of poison resistance (worn)
 n - the cursed +1 ring mail "Optimeoj" {Int+2}
   (You found it on level 7 of the Dungeon)

   It affects your intelligence (+2).
   It has a curse placed upon it.
 x - a +1 buckler (worn)
 y - a +0 pair of gloves (worn)
 K - a +2 leather armour of fire resistance
Jewellery
 k - an uncursed ring of protection from fire
 o - a +4 ring of protection (right hand)
 s - an amulet of reflection (around neck)
 t - an uncursed ring of attention
 u - a +6 ring of intelligence
 z - an uncursed ring of see invisible
 D - an uncursed ring of teleportation
 E - a +6 ring of dexterity (left hand)
 H - an uncursed ring of magical power
 N - an uncursed ring of ice
 Q - the ring "Utier" {Fire *Corrode +Blink Str+4}
   (You found it on level 2 of the Lair of Beasts)

   [ring of fire]

   It enhances your fire magic.
   It affects your strength (+4).
   It protects you from fire.
   It makes you vulnerable to cold.
   It lets you blink.
   It may corrode you when you take damage.
Wands
 d - a wand of clouds (11)
 i - a wand of flame (4)
 C - a wand of random effects (22)
 F - a wand of polymorph (15)
 M - a wand of disintegration (9)
Scrolls
 e - 5 scrolls of remove curse
 j - 9 scrolls of identify
 m - 2 scrolls of amnesia
 q - 5 scrolls of teleportation
 r - 2 scrolls of fear
Potions
 v - 2 potions of resistance
 w - 3 potions of curing
 A - a potion of magic
 B - a potion of stabbing
 R - a potion of might
Miscellaneous
 S - a phial of floods
Comestibles
 c - 27 rations


   Skills:
 - Level 9.4 Fighting
 * Level 15.1 Maces & Flails
 - Level 1.7 Armour
 - Level 8.2 Dodging
 + Level 14.3 Invocations


You had 12 spell levels left.
You didn't know any spells.
Your spell library contained the following spells:

 Spells                   Type           Power        Failure   Level  Hunger
 Beastly Appendage        Tmut           #.....       75%         1    ##.....
 Sticks to Snakes         Tmut           #.......     86%         2    ###....
 Spider Form              Tmut/Pois      #.........   98%         3    ####...
 Ice Form                 Ice/Tmut       #.......     100%        4    #####..
 Blade Hands              Tmut           #.........   100%        5    ######.


Dungeon Overview and Level Annotations

Branches:
Dungeon (9/15)             Temple (0/1) D:5            Lair (6/6) D:9
  Swamp (0/4) Lair:2       Spider (0/4) Lair:4        Slime (0/5) Lair:5
    Orc (0/2) D:9         Volcano (visited)

Altars:
Makhleb
Nemelex Xobeh
Wu Jian
Zin
Jiyva

Shops:
D:8 !

Annotations:
Abyss:1 Rupert


Innate Abilities, Weirdness & Mutations

You have razor-sharp toenails.
You are mostly covered in thin metallic scales. (AC +3)
When hurt, damage is shared between your health and your magic reserves.
You are immune to rotting.
You are clumsy. (Dex -2)
Armour fits poorly on your strangely shaped body.
You are dopey. (Int -2)
Your flesh is heat resistant. (rF+)


Message History

The guardian serpent coils itself and waves its upper body at you.
The bolt of poison hits the spiny frog.
The bolt of poison misses you.
The spiny frog barely misses the human.
You block the spiny frog's attack.
Okay, then.
Unknown command.
A red film seems to cover your vision as you go berserk!
You feel yourself moving faster!
You feel mighty!
The human dies!
You block the spiny frog's attack. The river rat barely misses you.
The spiny frog stings you!
* * * LOW HITPOINT WARNING * * *
The spiny frog stings you!
* * * LOW HITPOINT WARNING * * *
You sock the spiny frog! You burn the spiny frog.
Your kick misses the spiny frog.
The spiny frog is severely wounded.
The river rat bites you.
* * * LOW HITPOINT WARNING * * *
The spiny frog stings you!
You die...

#...P..#..§...##
......#..##.†##
#+# .########F#
.... #..†## ....
#.†..#...
..####...#.#
........S.#
.......FF##
.......r@#
.P.....s.#
..........
.##......##
##..#...
....#...
#......... ....
..#.#


You could see a wolf spider, a guardian serpent, 3 spiny frogs and a river rat.

Vanquished Creatures
  Kirke (Lair:6)
  A catoblepas (Lair:3)
  3 hydras
  The ghost of Skippwaahh the Destroyer, a journeyman TeAE of Vehumet (Lair:2)
  A sun demon (Volcano)
  A hell knight (Volcano)
  Pikel (D:3)
  3 ugly things (Volcano)
  An orb spider (Lair:4)
  A necromancer (Lair:2)
  4 black mambas
  15 spiny frogs
  A molten gargoyle (Volcano)
  3 rime drakes (Lair:2)
  6 komodo dragons
  A red devil (Volcano)
  A troll (D:9)
  Prince Ribbit (D:7)
  Grinder (D:4)
  5 hornets
  A dream sheep (Lair:6)
  7 hippogriffs
  3 blink frogs
  A redback (Lair:6)
  5 wyverns
  A spriggan (D:7)
  2 fire bats (Volcano)
  The ghost of Thomus the Chopper, an amateur HOFi (D:3)
  29 yaks
  Eustachio (D:4)
  2 basilisks
  A hog (Lair:6)
  Menkaure (D:5)
  14 water moccasins
  8 porcupines
  Duvessa (D:5)
  2 sky beasts
  4 slaves (D:4)
  4 orc warriors
  7 ogres
  A black bear (D:9)
  23 wolves
  2 phantoms
  5 centaurs
  2 necrophages
  9 crocodiles
  6 big kobolds
  13 bullfrogs
  A spiny frog simulacrum (Lair:2)
  Dowan (D:5)
  2 gnoll sergeants (D:9)
  A scorpion (D:9)
  5 killer bees (D:7)
  5 howler monkeys
  A rime drake simulacrum (Lair:2)
  5 crimson imps
  7 lava snakes (Volcano)
  3 bullfrog zombies
  Crazy Yiuf (D:7)
  2 centaur zombies
  3 jellies
  An orc priest (D:5)
  A gnoll shaman (D:7)
  4 hounds
  3 quasits (D:3)
  A bullfrog skeleton (D:5)
  An iguana (D:8)
  Ijyb (D:3)
  7 orc wizards
  10 worker ants
  7 hell rats
  5 polar bear simulacra (Lair:2)
  A yak simulacrum (Lair:2)
  5 wolf simulacra (Lair:2)
  A bullfrog simulacrum (Lair:2)
  A hound zombie (D:6)
  A hound skeleton (D:8)
  4 worker ant zombies
  4 gnolls
  10 adders
  2 crocodile simulacra (Lair:2)
  A howler monkey skeleton (D:9)
  2 river rats (Lair:6)
  3 shadow imps
  2 oozes
  2 adder skeletons
  A worm (D:3)
  5 leopard geckos
  33 orcs
  3 ball pythons
  6 bats
  2 giant cockroaches
  6 goblins
  4 hobgoblins
  6 jackals
  A ball python skeleton (D:4)
  3 frilled lizards
  17 kobolds
  A leopard gecko skeleton (D:7)
  2 leopard gecko zombies
  A quokka zombie (D:7)
  5 rats
  A fungus (D:7)
  A plant (Lair:2)
423 creatures vanquished.

Vanquished Creatures (others)
  An elephant (D:9)
  A molten gargoyle (Volcano)
  A black mamba (Lair:2)
  A yak (D:9)
  4 humans (Lair:6)
  A basilisk (Lair:6)
  An orc warrior (D:8)
  An ogre (D:8)
  A hell rat (Lair:5)
  9 fungi
  14 plants
  4 toadstools (D:1)
39 creatures vanquished.

Grand Total: 462 creatures vanquished

Notes
Turn   | Place    | Note
-------+----------+-------------------------------------------
     0 | Abyss:1  | Curus the Demonspawn Abyssal Knight began the quest for the
                  | Orb.
     0 | Abyss:1  | Reached XP level 1. HP: 18/18 MP: 2/2
    50 | Abyss:1  | Noticed a raiju
    51 | D:1      | Escaped the Abyss
   136 | D:1      | Reached * piety under Lugonu
   136 | D:1      | Reached skill level 2 in Maces & Flails
   205 | D:1      | Gained mutation: You are immune to rotting. [demonic
                  | ancestry]
   205 | D:1      | Reached XP level 2. HP: 16/24 MP: 2/4
   997 | D:2      | You fall into a shaft and drop 1 floor!
  1090 | D:3      | Reached XP level 3. HP: 19/29 MP: 5/5
  1259 | D:3      | Noticed Thomus's ghost (amateur HOFi)
  1274 | D:3      | Found a transporter.
  1504 | D:3      | Noticed Ijyb
  1529 | D:3      | Killed Ijyb
  1529 | D:3      | Reached skill level 3 in Maces & Flails
  1529 | D:3      | Gained mutation: You have sharp toenails. [demonic
                  | ancestry]
  1529 | D:3      | Reached XP level 4. HP: 16/35 MP: 7/7
  2058 | D:3      | Found a transporter.
  2541 | D:2      | Gained mutation: You are clumsy. (Dex -2) [potion of
                  | mutation]
  2541 | D:2      | Gained mutation: You are dopey. (Int -2) [potion of
                  | mutation]
  2541 | D:2      | Gained mutation: Armour fits poorly on your strangely
                  | shaped body. [potion of mutation]
  2541 | D:2      | Gained mutation: Your flesh is heat resistant. (rF+)
                  | [potion of mutation]
  2658 | D:3      | Reached skill level 5 in Invocations
  2658 | D:3      | Gained mutation: You are partially covered in thin metallic
                  | scales. (AC +2) [demonic ancestry]
  2658 | D:3      | Reached XP level 5. HP: 24/41 MP: 8/8
  3084 | D:4      | Noticed Pikel
  3084 | D:4      | Noticed Grinder
  3084 | D:4      | Noticed a slave
  3458 | D:4      | Noticed Eustachio
  3620 | D:4      | Noticed a phantom
  3638 | D:4      | Noticed a slave
  3646 | D:4      | Killed a phantom
  3646 | D:4      | Reached skill level 4 in Maces & Flails
  3646 | D:4      | Reached XP level 6. HP: 39/47 MP: 10/10
  3716 | D:4      | Noticed a slave
  3726 | D:4      | Killed a slave
  3737 | D:4      | Reached ** piety under Lugonu
  3785 | D:4      | Noticed a slave
  3799 | D:4      | Killed a slave
  3949 | D:4      | Killed a slave
  4035 | D:5      | Entered Level 5 of the Dungeon
  4258 | D:4      | Paralysed by Grinder for 6 turns
  4269 | D:4      | Killed Grinder
  4269 | D:4      | Reached skill level 5 in Maces & Flails
  4269 | D:4      | Gained mutation: You have razor-sharp toenails. [demonic
                  | ancestry]
  4269 | D:4      | Reached XP level 7. HP: 16/52 MP: 12/12
  4633 | D:4      | Killed Eustachio
  4761 | D:4      | Reached skill level 6 in Maces & Flails
  4938 | D:5      | Gained mutation: You are mostly covered in thin metallic
                  | scales. (AC +3) [demonic ancestry]
  4938 | D:5      | Reached XP level 8. HP: 57/58 MP: 14/14
  4963 | D:5      | Noticed Dowan
  4964 | D:5      | Noticed Duvessa
  4993 | D:5      | Killed Duvessa
  5278 | D:5      | You fall into a shaft and drop 2 floors!
  5615 | D:7      | Noticed a hornet
  5620 | D:7      | Reached skill level 7 in Maces & Flails
  5620 | D:7      | Reached skill level 10 in Invocations
  5635 | D:7      | Killed a hornet
  5746 | D:7      | Noticed a hornet
  5756 | D:7      | Killed a hornet
  5756 | D:7      | Reached skill level 8 in Maces & Flails
  5756 | D:7      | Reached XP level 9. HP: 28/63 MP: 17/17
  6017 | D:7      | Noticed Prince Ribbit
  6230 | D:7      | Got a dazzling ring mail
  6423 | D:5      | Found a staircase to the Ecumenical Temple.
  6423 | D:5      | Noticed Menkaure
  6431 | D:5      | Killed Menkaure
  7033 | D:5      | Killed Dowan
  7188 | D:5      | Reached *** piety under Lugonu
  7513 | D:5      | Identified the cursed +1 ring mail "Optimeoj" {Int+2} (You
                  | found it on level 7 of the Dungeon)
  7777 | D:6      | Reached skill level 9 in Maces & Flails
  8732 | D:7      | Reached skill level 10 in Maces & Flails
  8828 | D:7      | Killed Prince Ribbit
  9212 | D:7      | Reached XP level 10. HP: 33/70 MP: 18/18
  9583 | D:7      | Found a runed translucent door.
  9584 | D:7      | Noticed Crazy Yiuf
  9591 | D:7      | Killed Crazy Yiuf
  9821 | D:8      | Found Voegute Owke's Distillery.
  9831 | D:8      | Reached **** piety under Lugonu
  9997 | D:8      | Bought a potion of heal wounds for 70 gold pieces
  9997 | D:8      | Bought a potion of resistance for 140 gold pieces
  9997 | D:8      | Bought a potion of curing for 42 gold pieces
  9997 | D:8      | Bought a potion of curing for 42 gold pieces
 10249 | D:8      | Reached skill level 11 in Maces & Flails
 10445 | D:8      | Found a sparkling altar of Nemelex Xobeh.
 10445 | D:8      | Found a glowing silver altar of Zin.
 10450 | D:8      | Found a faded altar of an unknown god.
 10452 | D:8      | Found an ornate altar of the Wu Jian Council.
 10453 | D:8      | Found a burning altar of Makhleb.
 10636 | D:9      | HP: 2/70 [yak (11)]
 10939 | D:9      | Noticed an elephant
 10941 | D:9      | Found a staircase to the Lair.
 10956 | D:9      | Banished an elephant
 11067 | D:9      | Found a sparkling altar of Nemelex Xobeh.
 11203 | D:9      | Found a staircase to the Orcish Mines.
 11239 | D:8      | Reached skill level 12 in Maces & Flails
 11623 | D:3      | Killed Thomus's ghost
 11851 | D:3      | Killed Pikel
 12511 | D:9      | Reached XP level 11. HP: 59/75 MP: 19/19
 12604 | D:9      | Reached skill level 13 in Maces & Flails
 13100 | Lair:1   | Entered Level 1 of the Lair of Beasts
 13143 | Lair:1   | Reached skill level 1 in Dodging
 13621 | Lair:1   | Reached ***** piety under Lugonu
 14226 | Lair:2   | Reached skill level 5 in Fighting
 14395 | Lair:2   | Noticed an eight-headed hydra
 14405 | Lair:2   | Killed an eight-headed hydra
 14850 | Lair:2   | Noticed a necromancer
 14856 | Lair:2   | Killed a necromancer
 15118 | Lair:2   | Reached skill level 5 in Dodging
 15677 | Lair:2   | Found a staircase to the Swamp.
 16033 | Lair:2   | Noticed a four-headed hydra
 16041 | Lair:2   | Killed a four-headed hydra
 16113 | Lair:2   | Found a runed translucent gate.
 16113 | Lair:2   | Found a runed translucent gate.
 16114 | Lair:2   | Found a runed translucent gate.
 16156 | Lair:2   | Gained mutation: When hurt, damage is shared between your
                  | health and your magic reserves. [demonic ancestry]
 16156 | Lair:2   | Reached XP level 12. HP: 69/91 MP: 20/20
 16541 | Lair:2   | Noticed Skippwaahh's ghost (journeyman TeAE)
 17482 | Lair:3   | Noticed a seven-headed hydra
 17506 | Lair:3   | Killed a seven-headed hydra
 18092 | Lair:3   | Noticed a catoblepas
 18107 | Lair:3   | Killed a catoblepas
 18594 | Lair:4   | Found a dark tunnel.
 18608 | Volcano  | Entered a volcano
 19100 | Volcano  | Found a radiant altar of Vehumet.
 20792 | Lair:4   | You fall into a shaft and drop 2 floors!
 20792 | Lair:6   | Entered Level 6 of the Lair of Beasts
 20822 | Lair:6   | Reached XP level 13. HP: 99/101 MP: 22/22
 20849 | Lair:6   | Reached skill level 14 in Maces & Flails
 21788 | Lair:4   | Found a hole to the Spider Nest.
 22831 | Lair:5   | Noticed Rupert
 22839 | Lair:5   | Paralysed by Rupert for 3 turns
 22911 | Lair:5   | Found a viscous altar of Jiyva.
 22911 | Lair:5   | Found a staircase to the Slime Pits.
 23220 | Lair:2   | Killed Skippwaahh's ghost
 23556 | Lair:2   | Got the ring "Utier" {Fire}
 23646 | Lair:3   | Identified the ring "Utier" {Fire *Corrode +Blink Str+4}
                  | (You found it on level 2 of the Lair of Beasts)
 23929 | Lair:5   | Banished Rupert
 24255 | Lair:6   | Noticed Kirke
 24259 | Lair:6   | Reached skill level 15 in Maces & Flails
 24274 | Lair:6   | Killed Kirke
 24293 | Lair:6   | HP: 3/151 [river rat (5)]
 24293 | Lair:6   | Mangled by a spiny frog

Illustrated notes

Levels and vault maps discovered:
D:1:      ldierk_water_garden, layout_basic
D:2:      layout_basic
D:3:      layout_loops_ring, gammafunk_ghost_stat_death, uniq_ijyb
D:4:      layout_rooms, first_ration, kennysheep_generic_room_3, uniq_grinder,
          uniq_eustachio, uniq_pikel
D:5:      layout_loops_ring, minmay_temple_entry_junction,
          kennysheep_opposing_triangles, uniq_duvessa, uniq_menkaure
D:6:      layout_loops_corners
D:7:      minmay_slanted_spiral_squares, layout_basic, minmay_misc_feat_iff,
          the_bakery, uniq_prince_ribbit1, uniq_crazy_yiuf_cottage
D:8:      layout_rooms, chequers_temple_overflow_minitemple, serial_shops, shop,
          serial_glass, glass_columns_a, glass_columns_a, item_on_display_a,
          feat_on_display, corexii_leaking_fountain, eino_tiny_chamber
D:9:      layout_irregular_city, david_lair_generic,
          kennysheep_orc_monster_closet_entryway, minivault_19,
          nemelex_spade_bored_becter
Lair:1:   beast_lair_carwin_large_1, layout_hall_layers
Lair:2:   layout_long_grid, swamp_mist, gammafunk_ghost_icy,
          eino_house_with_fridge
Lair:3:   layout_big_grid
Lair:4:   layout_roguey, nicolae_spider_entry_orb_guardian,
          nicolae_volcano_entry_lava_flow
Lair:5:   layout_cave_shapes, slime_altar_1, lemuel_fruit_tree, uniq_rupert
Lair:6:   guppyfry_lair_end_dragon, layout_loops_ring,
          hangedman_lair_tendril_chambers, minivault_24, lookout_lair_type,
          nicolae_quartered_pool_little, fungi_pond_lemuel,
          kennysheep_abandoned_house, uniq_kirke

Skill      XL: |  1  2  3  4  5  6  7  8  9 10 11 12 13 |
---------------+----------------------------------------+-----
Maces & Flails | 2 3 4 5 6 8 10 12 13 15 | 15.1
Invocations    | 3 4 5 6 7 8 11 12 14 | 14.3
Dodging        | 6 8 |  8.2
Fighting       | 7 9 |  9.4
Armour         | |  1.7

Action                   |  1- 3 |  4- 6 |  7- 9 | 10-12 | 13-15 || total
-------------------------+-------+-------+-------+-------+-------++-------
Melee: Mace              |    60 |       |       |       |       ||    60
       Flail             |    43 |   184 |   116 |    34 |       ||   377
       Kick              |       |    32 |   106 |   270 |    65 ||   473
       Morningstar       |       |       |   385 |   851 |       ||  1236
       Eveningstar       |       |       |       |    31 |   296 ||   327
Invok: Depart the Abyss  |     1 |       |       |       |       ||     1
       Banish            |       |       |       |    10 |     3 ||    13
       Bend Space        |       |       |       |     1 |     1 ||     2
Evoke: Wand              |       |       |     2 |     4 |     2 ||     8
  Use: Scroll            |     8 |     3 |     5 |     9 |     5 ||    30
       Potion            |     3 |     2 |     3 |     8 |     3 ||    19
 Stab: Sleeping          |     1 |       |       |       |       ||     1
       Confused          |       |       |     2 |       |       ||     2
       Petrified         |       |       |       |     3 |       ||     3
  Eat: Chunk             |     2 |     9 |    10 |    20 |    11 ||    52
       Ration            |       |       |     2 |     6 |       ||     8
Armor: Leather armour    |    29 |     9 |       |       |       ||    38
       Ring mail         |       |    77 |   243 |   338 |    79 ||   737
Dodge: Dodged            |    64 |   109 |   263 |   436 |   134 ||  1006
Block: Other             |       |       |    40 |     8 |       ||    48
       Reflection        |       |       |     1 |     8 |       ||     9
       Buckler           |       |       |       |   356 |   129 ||   485
